[ AOE2 MATCH · #506514303 ]
UnrankedArmenians vs Poles
Player's team · WIN
Rival team · LOSS
[ REPLAY ANALYSIS · EXTRACTED FROM THE RECORDED GAME ]
Feudal
12:13
Castle
—
Imperial
—
| APM avg | 86.2 |
| APM peak | 130 |
| eAPM avg | 35.2 |
| Villagers / military | 63 / 46 |
Focus
⚔️ 42.8% · 🌾 57.2%
Archer ×30 · Skirmisher ×11 · Militia ×5
Feudal
9:27
Castle
—
Imperial
—
| APM avg | 44.8 |
| APM peak | 89 |
| eAPM avg | 21.4 |
| Villagers / military | 34 / 13 |
Focus
⚔️ 41.9% · 🌾 58.1%
Archer ×10 · Skirmisher ×3
Match map
Initial resources + every placement click. Lines = walls · curves = elevation contours. ◆ gold · ⬟ stone · ● berries · ✦ relic · ◌ wall gap
Your base· Open — unwalled flank
Big Tony's base· Open — 4t gap
Smoothed initial terrain · ◌ = detected wall gap · hover for details
Inputs per minute
— IhateArena - - Big Tony
Build order — IhateArena
First 150 of 167 actions detected
| 0:00 | Queue | Villager (Male) |
| 0:01 | Queue | Villager (Male) |
| 0:01 | Queue | Villager (Male) ×3 |
| 0:01 | Queue | Villager (Male) ×2 |
| 0:02 | Build | House |
| 0:03 | Build | House |
| 1:28 | Queue | Villager (Male) |
| 1:28 | Queue | Villager (Male) |
| 2:02 | Build | Mule Cart |
| 2:02 | Queue | Villager (Male) |
| 2:02 | Queue | Villager (Male) |
| 2:15 | Queue | Villager (Male) |
| 2:16 | Queue | Villager (Male) |
| 2:51 | Queue | Villager (Male) |
| 2:51 | Queue | Villager (Male) |
| 3:26 | Queue | Villager (Male) |
| 3:26 | Queue | Villager (Male) |
| 3:34 | Build | House |
| 3:38 | Build | Palisade Wall |
| 3:39 | Build | Palisade Wall |
| 3:49 | Queue | Villager (Male) |
| 3:49 | Queue | Villager (Male) |
| 3:56 | Research | Loom |
| 4:25 | Build | Barracks |
| 4:39 | Queue | Villager (Male) |
| 4:39 | Queue | Villager (Male) |
| 4:44 | Build | House |
| 4:54 | Queue | Villager (Male) |
| 4:54 | Queue | Villager (Male) |
| 5:42 | Queue | Villager (Male) |
| 5:42 | Queue | Villager (Male) |
| 5:46 | Build | House |
| 5:56 | Queue | Militia |
| 5:57 | Queue | Militia |
| 5:57 | Queue | Militia |
| 6:08 | Queue | Villager (Male) |
| 6:09 | Queue | Villager (Male) |
| 6:37 | Queue | Militia |
| 6:38 | Queue | Militia |
| 6:47 | Queue | Villager (Male) |
| 6:47 | Queue | Villager (Male) |
| 7:04 | Build | Mill |
| 7:11 | Queue | Villager (Male) |
| 7:11 | Queue | Villager (Male) |
| 7:33 | Queue | Villager (Male) |
| 7:33 | Queue | Villager (Male) ×2 |
| 7:33 | Queue | Villager (Male) |
| 7:55 | Queue | Villager (Male) |
| 7:55 | Queue | Villager (Male) |
| 8:04 | Queue | Villager (Male) |
| 8:04 | Queue | Villager (Male) |
| 8:05 | Build | Mill |
| 9:02 | Queue | Villager (Male) |
| 9:46 | Build | Mule Cart |
| 9:47 | Queue | Villager (Male) |
| 9:49 | Build | Mule Cart |
| 10:03 | Research | Feudal Age |
| 10:03 | Research | Feudal Age |
| 11:08 | Build | House |
| 11:08 | Build | House |
| 11:50 | Build | Palisade Wall |
| 12:13 | Age | Feudal Age |
| 12:16 | Queue | Villager (Male) |
| 12:17 | Build | Archery Range |
| 12:18 | Build | Archery Range |
| 12:23 | Research | Double-Bit Axe |
| 12:24 | Research | Double-Bit Axe |
| 12:25 | Queue | Villager (Male) |
| 12:31 | Build | Blacksmith |
| 12:39 | Build | House |
| 12:40 | Build | House |
| 12:52 | Build | House |
| 13:14 | Queue | Archer |
| 13:15 | Queue | Archer |
| 13:15 | Queue | Archer |
| 13:15 | Queue | Archer |
| 13:28 | Research | Fletching |
| 13:28 | Research | Fletching |
| 13:29 | Queue | Skirmisher |
| 13:29 | Queue | Skirmisher |
| 13:29 | Queue | Skirmisher |
| 13:30 | Queue | Skirmisher |
| 13:35 | Queue | Villager (Male) |
| 13:46 | Build | House |
| 13:47 | Build | House |
| 13:52 | Build | Palisade Wall |
| 13:55 | Build | Palisade Wall |
| 14:11 | Queue | Skirmisher |
| 14:12 | Queue | Skirmisher |
| 14:12 | Queue | Skirmisher |
| 14:12 | Queue | Skirmisher |
| 14:17 | Queue | Villager (Male) |
| 14:17 | Queue | Villager (Male) |
| 14:18 | Queue | Villager (Male) ×3 |
| 14:18 | Queue | Villager (Male) ×2 |
| 14:21 | Queue | Archer |
| 14:22 | Queue | Archer |
| 14:22 | Queue | Archer |
| 14:30 | Queue | Villager (Male) |
| 14:35 | Build | House |
| 14:36 | Build | House |
| 14:50 | Build | House |
| 14:52 | Build | House |
| 15:05 | Queue | Skirmisher |
| 15:05 | Queue | Skirmisher |
| 15:05 | Queue | Skirmisher |
| 15:34 | Build | Mule Cart |
| 15:41 | Build | House |
| 15:42 | Build | Palisade Wall |
| 15:55 | Build | Farm |
| 15:55 | Build | Farm |
| 15:55 | Build | Farm |
| 15:56 | Build | Farm |
| 15:56 | Build | Farm |
| 16:05 | Build | Palisade Wall |
| 16:10 | Queue | Villager (Male) |
| 16:10 | Queue | Villager (Male) |
| 16:13 | Build | Farm |
| 16:20 | Queue | Archer |
| 16:21 | Queue | Archer |
| 16:21 | Queue | Archer |
| 16:22 | Queue | Archer |
| 16:22 | Queue | Archer |
| 16:40 | Build | Farm |
| 16:41 | Build | Farm |
| 16:42 | Queue | Villager (Male) |
| 16:42 | Queue | Villager (Male) |
| 17:03 | Build | House |
| 17:12 | Queue | Archer |
| 17:12 | Queue | Archer |
| 17:12 | Queue | Archer |
| 17:15 | Queue | Archer |
| 17:16 | Queue | Archer |
| 17:24 | Build | Farm |
| 17:42 | Build | Market |
| 17:43 | Build | Farm |
| 17:45 | Queue | Villager (Male) |
| 17:46 | Queue | Archer |
| 17:47 | Queue | Archer |
| 17:47 | Queue | Archer |
| 17:55 | Queue | Villager (Male) |
| 17:55 | Queue | Villager (Male) |
| 17:56 | Build | Farm |
| 17:57 | Build | Farm |
| 17:58 | Build | Farm |
| 18:01 | Queue | Archer |
| 18:01 | Queue | Archer |
| 18:20 | Queue | Villager (Male) |
| 18:21 | Build | Farm |
| 18:22 | Build | Farm |
Build order — Big Tony
105 actions detected in the replay
| 0:01 | Queue | Villager (Male) ×4 |
| 0:02 | Build | House |
| 0:03 | Build | House |
| 1:45 | Queue | Villager (Male) |
| 2:04 | Build | Mill |
| 2:11 | Build | Mill |
| 2:13 | Queue | Villager (Male) |
| 2:35 | Queue | Villager (Male) |
| 2:59 | Queue | Villager (Male) |
| 3:29 | Queue | Villager (Male) |
| 3:57 | Queue | Villager (Male) |
| 4:17 | Queue | Villager (Male) |
| 4:42 | Queue | Villager (Male) |
| 4:59 | Build | Lumber Camp |
| 5:09 | Queue | Villager (Male) |
| 5:33 | Queue | Villager (Male) |
| 6:01 | Queue | Villager (Male) |
| 6:26 | Queue | Villager (Male) |
| 6:29 | Research | Loom |
| 7:10 | Research | Feudal Age |
| 7:41 | Build | Barracks |
| 8:02 | Build | House |
| 8:34 | Build | House |
| 9:05 | Build | House |
| 9:09 | Queue | Villager (Male) |
| 9:27 | Age | Feudal Age |
| 9:37 | Build | Archery Range |
| 9:40 | Queue | Villager (Male) |
| 9:43 | Build | House |
| 9:45 | Build | House |
| 9:47 | Build | House |
| 10:03 | Build | Mining Camp |
| 10:37 | Queue | Archer |
| 10:46 | Build | Mill |
| 10:48 | Queue | Villager (Male) |
| 11:07 | Research | Double-Bit Axe |
| 11:08 | Research | Horse Collar |
| 11:18 | Queue | Villager (Male) |
| 11:23 | Queue | Archer |
| 11:34 | Build | Palisade Wall |
| 11:35 | Build | Palisade Wall |
| 11:41 | Queue | Villager (Male) |
| 11:58 | Queue | Archer |
| 12:03 | Build | House |
| 12:07 | Build | Palisade Wall |
| 12:11 | Build | Farm |
| 12:12 | Build | Farm |
| 12:13 | Queue | Villager (Male) |
| 12:27 | Build | Farm |
| 12:39 | Build | Palisade Wall |
| 12:39 | Build | Palisade Wall |
| 12:43 | Queue | Villager (Male) |
| 12:46 | Build | Palisade Wall |
| 12:50 | Build | Palisade Wall |
| 12:56 | Build | House |
| 12:57 | Build | House |
| 13:00 | Build | Palisade Wall |
| 13:14 | Build | Palisade Wall |
| 13:26 | Build | Farm |
| 13:27 | Queue | Villager (Male) |
| 13:27 | Queue | Archer |
| 13:33 | Queue | Villager (Male) |
| 13:36 | Build | House |
| 13:53 | Build | Farm |
| 13:54 | Build | Farm |
| 13:54 | Queue | Villager (Male) |
| 14:06 | Queue | Archer |
| 14:15 | Build | Farm |
| 14:27 | Queue | Villager (Male) |
| 14:38 | Build | Blacksmith |
| 14:40 | Queue | Archer |
| 14:55 | Queue | Archer |
| 14:59 | Build | Farm |
| 15:11 | Queue | Villager (Male) |
| 15:11 | Queue | Archer |
| 15:26 | Research | Fletching |
| 15:31 | Build | Mining Camp |
| 15:32 | Queue | Villager (Male) |
| 15:45 | Queue | Villager (Male) |
| 15:59 | Build | Farm |
| 16:12 | Build | Mill |
| 16:18 | Queue | Archer |
| 16:36 | Queue | Skirmisher |
| 16:41 | Build | Watch Tower |
| 16:51 | Research | Town Watch |
| 17:00 | Build | Farm |
| 17:02 | Build | Farm |
| 17:12 | Queue | Archer |
| 17:13 | Queue | Skirmisher |
| 17:15 | Queue | Villager (Male) |
| 17:25 | Build | House |
| 17:46 | Queue | Villager (Male) |
| 18:01 | Build | Watch Tower |
| 18:07 | Build | Farm |
| 18:09 | Build | Farm |
| 18:10 | Queue | Villager (Male) |
| 18:30 | Build | Farm |
| 18:33 | Build | Farm |
| 18:55 | Build | House |
| 18:56 | Build | Palisade Gate |
| 19:01 | Build | House |
| 19:03 | Build | House |
| 19:17 | Queue | Villager (Male) |
| 19:30 | Research | Castle Age |
| 19:57 | Queue | Skirmisher |
Match timeline
| 3:38 | IhateArena · wall_segment Palisade Wall x1 |
| 3:39 | IhateArena · wall_segment Palisade Wall x1 |
| 4:25 | IhateArena · first_building Barracks |
| 7:41 | Big Tony · first_building Barracks |
| 9:27 | Big Tony · age_up feudal |
| 9:37 | Big Tony · first_building Archery Range |
| 11:34 | Big Tony · wall_segment Palisade Wall x1 |
| 11:35 | Big Tony · wall_segment Palisade Wall x1 |
| 11:50 | IhateArena · wall_segment Palisade Wall x19 |
| 12:07 | Big Tony · wall_segment Palisade Wall x4 |
| 12:13 | IhateArena · age_up feudal |
| 12:17 | IhateArena · first_building Archery Range |
| 12:39 | Big Tony · wall_segment Palisade Wall x7 |
| 12:39 | Big Tony · wall_segment Palisade Wall x1 |
| 12:46 | Big Tony · wall_segment Palisade Wall x4 |
| 12:50 | Big Tony · wall_segment Palisade Wall x1 |
| 13:00 | Big Tony · wall_segment Palisade Wall x1 |
| 13:14 | Big Tony · wall_segment Palisade Wall x6 |
| 13:52 | IhateArena · wall_segment Palisade Wall x6 |
| 13:55 | IhateArena · wall_segment Palisade Wall x2 |
| 15:42 | IhateArena · wall_segment Palisade Wall x1 |
| 16:05 | IhateArena · wall_segment Palisade Wall x9 |
| 20:02 | Big Tony · resign |
[ AI ANALYSIS · 1 CREDIT ]
What really happened in this match?
Wolo.gg analyzes every decision: build order, eco, micro, common mistakes by bracket. Personalized analysis on WhatsApp or Discord in 30 seconds.
Civ guide
Armenians
Perfil
IhateArena